 Dungeon Crawl Stone Soup version 0.27.1-34-g3ba077fa99 (webtiles) character file.

Game seed: 17663756990322237785

3663 Arum the Cleaver (level 9, -9/85 HPs)
             Began as a Minotaur Gladiator on Jan 19, 2022.
             Was a Believer of the Shining One.
             Mangled by a two-headed ogre (19 damage)
             ... on level 7 of the Dungeon.
             The game lasted 00:10:50 (6896 turns).

Arum the Cleaver (Minotaur Gladiator)               Turns: 6896, Time: 00:10:50

Health: -9/85      AC: 11    Str: 27    XL:     9   Next: 89%
Magic:  8/8        EV: 15    Int:  5    God:    the Shining One [**....]
Gold:   145        SH:  0    Dex: 13    Spells: 8/8 levels left

rFire    + . .     SeeInvis .   a - +1 war axe
rCold    . . .     Faith    .   (no shield)
rNeg     + . .     Spirit   .   s - +0 ring mail
rPois    .         Reflect  .   q - +1 hat
rElec    .         Harm     .   m - +2 cloak
rCorr    .         Rampage  .   b - +0 pair of gloves
Will     .....                  v - +0 pair of boots
Stlth    +.........             (no amulet)
HPRegen  0.24/turn              f - +6 ring of strength
MPRegen  0.11/turn              k - ring of protection from fire

@: glowing
A: horns 2, retaliatory headbutt
a: Renounce Religion, Divine Shield


You were on level 7 of the Dungeon.
You worshipped the Shining One.
The Shining One was pleased with you.
You visited 2 branches of the dungeon, and saw 8 of its levels.
You also visited: Ossuary.

You collected 372 gold pieces.
You spent 227 gold pieces at shops.

Inventory:

Hand Weapons
 a - a +1 war axe (weapon)
Missiles
 d - 3 throwing nets (quivered)
 e - 6 javelins
Armour
 b - a +0 pair of gloves (worn)
 c - a +0 scale mail
 m - a +2 cloak (worn)
 q - a +1 hat (worn)
 s - a +0 ring mail (worn)
 v - a +0 pair of boots (worn)
Jewellery
 f - a +6 ring of strength (left hand)
 j - a ring of flight
 k - a ring of protection from fire (right hand)
 y - a ring of magical power
 E - a ring of magical power
Wands
 F - a wand of paralysis (9)
Scrolls
 i - 4 scrolls of noise
 n - a scroll of amnesia
 u - 4 scrolls of teleportation
 w - a scroll of enchant weapon
 x - a scroll of fear
 C - a scroll of magic mapping {unknown}
 D - a scroll of fog
Potions
 g - a potion of mutation
 h - a potion of magic
 l - a potion of resistance
 o - a potion of attraction
 p - a potion of haste
 r - a potion of curing
 t - 3 potions of flight
 z - 2 potions of heal wounds
 A - 3 potions of brilliance
 B - a potion of berserk rage {unknown}


   Skills:
 + Level 10.1 Fighting
 + Level 10.4 Axes
 - Level 2.0 Throwing
 + Level 9.6 Dodging


You had 8 spell levels left.
You didn't know any spells.
Your spell library contained the following spells:

 Spells                   Type           Power      Damage    Failure   Level
 Conjure Flame            Conj/Fire      0%         6-21      94%         3
 Ignite Poison            Fire/Tmut/Pois 0%         N/A       94%         3
 Sticky Flame             Conj/Fire      0%         2d3       100%        4
 Fireball                 Conj/Fire      0%         3d3       100%        5
 Starburst                Conj/Fire      0%         6d3       100%        6
 Ignition                 Fire           0%         3d3       100%        8


Dungeon Overview and Level Annotations

Branches:
Dungeon (7/15)             Temple (1/1) D:5         Ossuary (visited)

Altars:
Ashenzari
Cheibriados
Elyvilon
Gozag
Hepliaklqana
Kikubaaqudgha
Okawaru
Qazlal
Ru
Sif Muna
Trog
Uskayaw
Vehumet
Wu Jian
Xom
Yredelemnul
Zin
The Shining One

Shops:
D:5 ?


Innate Abilities, Weirdness & Mutations

You have a pair of horns on your head.
You reflexively headbutt those who attack you in melee.


Message History

You headbutt the bullfrog zombie!
You destroy the bullfrog zombie!
The Shining One accepts your kill.
No target in view!
Found an iron altar of Okawaru.
Found a ring of flight and 15 stones.
Found a scroll of teleportation.
u - 4 scrolls of teleportation (gained 1)
Found a potion of curing.
A two-headed ogre comes into view.
It is wielding a +0 dire flail and a +0 giant club.
The two-headed ogre shouts in stereo!
A two-headed ogre is nearby!
You hit the two-headed ogre. You headbutt the two-headed ogre.
The two-headed ogre is lightly wounded.
The two-headed ogre hits you with a +0 dire flail!
The two-headed ogre hits you with a +0 giant club!
You slash the two-headed ogre!
Your headbutt misses the two-headed ogre.
The two-headed ogre is moderately wounded.
The two-headed ogre hits you with a +0 dire flail!
The two-headed ogre hits you with a +0 giant club!
You hit the two-headed ogre but do no damage.
The two-headed ogre is moderately wounded.
The two-headed ogre hits you with a +0 dire flail!
The two-headed ogre hits you with a +0 giant club!!
* * * LOW HITPOINT WARNING * * *
You are too injured to fight recklessly!
You are too injured to fight recklessly!
Aiming: Paralyse
Press: ? - help, Shift-Dir - straight line, f - two-headed ogre
Aim: a two-headed ogre, wielding a +0 dire flail and a +0 giant club (moderately wounded, haloed, chance to affect: 28%)
The two-headed ogre easily resists.
Aiming: Paralyse
Press: ? - help, Shift-Dir - straight line, f/p - two-headed ogre
Aim: a two-headed ogre, wielding a +0 dire flail and a +0 giant club (moderately wounded, haloed, chance to affect: 28%)
The two-headed ogre easily resists.
The two-headed ogre hits you with a +0 dire flail.
* * * LOW HITPOINT WARNING * * *
The two-headed ogre hits you with a +0 giant club!!
You die...

#...#......=...##
###................
#...........#......
###.......###....##
#........##.......
####............#.#..
##..##..........#####.
##...O##.........# #.
#.....@....#.....######
#.........###........#.
####.#...###...........
###.####.....<....#.
... #..........##. !...
..#.#.......#. ...#. #
#....†.... #.. #.
#.......#.. #.......###


You could see a two-headed ogre.

Vanquished Creatures
  Pikel (D:5)
  Sigmund (D:5)
  2 water moccasins (D:5)
  An orc warrior (D:5)
  An ice beast (D:5)
  A sky beast (D:5)
  3 necrophages
  5 black bears
  A centaur (D:5)
  2 ogres (D:6)
  4 lemures (D:5)
  Blork the orc (D:4)
  An elf zombie (Ossuary)
  4 scorpions
  2 water moccasin zombies (D:5)
  3 bullfrog zombies
  4 hounds
  3 centaur zombies (Ossuary)
  2 human zombies (Ossuary)
  A jelly (D:6)
  Crazy Yiuf (D:4)
  3 bullfrog skeletons
  4 orc priests
  5 iguanas
  Natasha (thrice) (D:2)
  A hound skeleton (D:4)
  3 hound zombies (Ossuary)
  3 mummies (Ossuary)
  8 adders
  A shadow imp (D:6)
  2 white imps
  An ufetubus (D:5)
  6 adder zombies
  An adder skeleton (D:4)
  3 worms
  3 dart slugs
  16 orcs
  6 bats
  7 endoplasms
  2 giant cockroaches
  9 goblins
  4 hobgoblins
  2 jackals (D:4)
  4 kobolds
  4 quokkas
  11 ball pythons
  3 frilled lizards
  3 goblin zombies (Ossuary)
  A hobgoblin zombie (Ossuary)
  4 jackal zombies (Ossuary)
  2 kobold zombies (Ossuary)
  2 orc zombies (Ossuary)
  7 quokka zombies (Ossuary)
  2 rats
  3 rat zombies (Ossuary)
183 creatures vanquished.

Vanquished Creatures (others)
  A hound zombie (D:5)
  2 demonic plants (D:1)
3 creatures vanquished.

Grand Total: 186 creatures vanquished

Notes
Turn   | Place    | Note
-------+----------+-------------------------------------------
     0 | D:1      | Arum the Minotaur Gladiator began the quest for the Orb.
     0 | D:1      | Reached XP level 1. HP: 18/18 MP: 0/0
   124 | D:1      | Found a faded altar of an unknown god.
   186 | D:1      | Reached XP level 2. HP: 25/25 MP: 1/1
   685 | D:2      | Reached XP level 3. HP: 16/31 MP: 2/2
  1648 | D:2      | Noticed Natasha
  1651 | D:2      | Killed Natasha
  1652 | D:2      | Reached XP level 4. HP: 22/40 MP: 3/3
  2023 | D:2      | Noticed Natasha
  2048 | D:2      | Killed Natasha
  2106 | D:2      | Noticed Natasha
  2112 | D:2      | Killed Natasha
  2113 | D:2      | Reached skill level 5 in Axes
  2113 | D:2      | Reached XP level 5. HP: 29/46 MP: 4/4
  3354 | D:4      | Noticed a black bear
  3374 | D:3      | Killed a black bear
  3375 | D:3      | Reached skill level 5 in Dodging
  3375 | D:3      | Reached XP level 6. HP: 35/55 MP: 5/5
  3397 | D:4      | Reached skill level 5 in Fighting
  3400 | D:4      | Noticed Blork the orc
  3408 | D:4      | Killed Blork the orc
  3480 | D:4      | Reached XP level 7. HP: 50/62 MP: 6/6
  3527 | D:4      | Found a sand-covered staircase.
  3544 | Ossuary  | Entered an ossuary
  4098 | D:4      | Found a runed translucent door.
  4099 | D:4      | Noticed Crazy Yiuf
  4104 | D:4      | Killed Crazy Yiuf
  4105 | D:4      | Reached XP level 8. HP: 49/71 MP: 7/7
  4459 | D:5      | Entered Level 5 of the Dungeon
  4570 | D:5      | Found a staircase to the Ecumenical Temple.
  4579 | Temple   | Entered the Ecumenical Temple
  4658 | Temple   | Became a worshipper of the Shining One
  4684 | D:5      | Found Ezxad's Magic Scroll Shop.
  4702 | D:5      | Bought a scroll of identify for 26 gold pieces
  4702 | D:5      | Bought a scroll of teleportation for 39 gold pieces
  4702 | D:5      | Bought a scroll of identify for 26 gold pieces
  4702 | D:5      | Bought a scroll of teleportation for 39 gold pieces
  4702 | D:5      | Bought a scroll of enchant weapon for 97 gold pieces
  4703 | D:5      | Found an opulent altar of Gozag.
  4716 | D:5      | Noticed Pikel
  4731 | D:5      | Killed Pikel
  4856 | D:5      | Found a broken altar of Ashenzari.
  4927 | D:5      | Noticed Sigmund
  4935 | D:5      | Killed Sigmund
  5143 | D:5      | Reached XP level 9. HP: 81/82 MP: 8/8
  5206 | D:5      | Found a shimmering altar of Xom.
  5873 | D:5      | Reached * piety under the Shining One
  6254 | D:6      | Reached skill level 10 in Axes
  6533 | D:6      | Reached skill level 10 in Fighting
  6824 | D:7      | Reached ** piety under the Shining One
  6834 | D:7      | Found an iron altar of Okawaru.
  6890 | D:7      | Noticed a two-headed ogre
  6896 | D:7      | Mangled by a two-headed ogre

Illustrated notes

Levels and vault maps discovered:
D:1:      elethiomel_arrival_shortcut, layout_rooms,
          shapermc_ecumenical_altar_gd
D:2:      layout_rooms, uniq_natasha
D:3:      layout_basic
D:4:      layout_rooms, lightli_ossuary_entry_decrepit_ruins,
          uniq_blork_the_orc, uniq_crazy_yiuf_cottage
D:5:      kennysheep_windowed_halls, layout_basic, mainiacjoe_overflow_paths,
          mainiacjoe_overflow_catwalk, evilmike_ruin_ashenzari, temple_hall,
          serial_shops, nicolae_shop_crystal, minmay_tree_intersection,
          chequers_serial_rivers_micro_d, uniq_sigmund, uniq_pikel
D:6:      layout_cave_pools, corner_web_ring, chequers_serial_rivers_small_a,
          st_stairs_4
D:7:      layout_cave_pools, mainiacjoe_overflow_chevrons,
          nicolae_dithmenos_the_darkroom
Temple:   zaba_magenta_temple

Skill      XL: |  1  2  3  4  5  6  7  8  9 |
---------------+----------------------------+-----
Axes           | 4 5 6 7 8 10 | 10.4
Fighting       | 3 4 5 6 8 10 | 10.1
Dodging        | 4 5 6 8 9 |  9.6
Throwing       | |  2.0

Action                   |  1- 3 |  4- 6 |  7- 9 || total
-------------------------+-------+-------+-------++-------
Melee: War axe           |    72 |    68 |   236 ||   376
       Headbutt          |    14 |     9 |    55 ||    78
Evoke: Wand              |       |       |     2 ||     2
  Use: Potion            |       |     4 |       ||     4
       Scroll            |       |     5 |    10 ||    15
Armor: Leather armour    |    30 |     6 |       ||    36
       Ring mail         |       |    21 |   117 ||   138
Dodge: Dodged            |    58 |    48 |   197 ||   303
